 Dungeon Crawl Stone Soup version 0.17.1-1-g73c8601 (webtiles) character file.

855 abixa the Quickloader (level 7, -2/66 HPs)
             Began as a Minotaur Hunter on Dec 27, 2015.
             Slain by Grinder (8 damage)
             ... on level 4 of the Dungeon.
             The game lasted 00:12:41 (4066 turns).

abixa the Quickloader (Minotaur Hunter)             Turns: 4066, Time: 00:12:41

Health: -2/66      AC:  7    Str: 16    XL:     7   Next: 70%
Magic:  6/6        EV: 11    Int:  8    God:
Gold:   1          SH:  0    Dex: 13    Spells: 0 memorised, 6 levels left

rFire  . . .     SeeInvis .     b - +2 hand axe (elec)
rCold  . . .     Clarity  .     w - +0 ring mail (curse)
rNeg   . . .     SustAt   .     (no shield)
rPois  +         Gourm    .     (helmet restricted)
rElec  .         Spirit   .     (no cloak)
rCorr  .         Warding  .     (no gloves)
rMut   .         Stasis   .     n - +1 pair of boots
MR     .....                    (no amulet)
Stlth  +.........               (no ring)
                                x - ring of poison resistance

@: not resistant to hostile enchantments, very unstealthy
A: retaliatory headbutt, horns 2
a: no special abilities


You were on level 4 of the Dungeon.
You were not hungry.

You visited 1 branch of the dungeon, and saw 5 of its levels.

You collected 258 gold pieces.
You spent 257 gold pieces at shops.

Inventory:

Hand Weapons
 a - a +1 hand crossbow
 b - a +2 hand axe of electrocution (weapon)
 B - a +0 blowgun
 R - a +0 hand axe of electrocution
Missiles
 d - 20 bolts
 H - 8 needles of confusion
 M - 6 bolts of penetration
Armour
 n - a +1 pair of boots (worn)
 w - a cursed +0 ring mail (worn)
 A - a +1 robe of the Archmagi
 E - a +0 chain mail
Jewellery
 x - a ring of poison resistance (left hand)
Wands
 z - a wand of enslavement (0)
 D - a wand of digging (10)
Scrolls
 g - 10 scrolls of identify
 j - 2 scrolls of magic mapping
 k - 7 scrolls of teleportation
 l - 3 scrolls of remove curse {unknown}
 m - 2 scrolls of fear {unknown}
 o - 3 scrolls of fog
 s - 2 scrolls of noise
 y - 2 scrolls of enchant weapon
 C - 2 scrolls of enchant armour {unknown}
 O - a scroll of random uselessness
 Q - a scroll of immolation
Potions
 c - a potion of resistance {unknown}
 f - 2 potions of heal wounds {unknown}
 h - 2 potions of brilliance {unknown}
 i - 2 potions of lignification {unknown}
 r - 2 potions of might {unknown}
 t - a potion of curing {unknown}
 u - 2 potions of beneficial mutation {unknown}
 I - 2 potions of degeneration {unknown}
 J - a potion of haste
 K - a potion of cure mutation {unknown}
 N - a potion of poison {unknown}
Books
 p - a book of the Tempests

   Spells                             Type                      Level
   a - Static Discharge               Conjuration/Air              3
   b - Lightning Bolt                 Conjuration/Air              5
   c - Fireball                       Conjuration/Fire             5
   d - Tornado                        Air                          9
   e - Shatter                        Earth                        9
Miscellaneous
 P - a plain deck of defence
Comestibles
 e - 5 bread rations
 q - a royal jelly
 v - a beef jerky
 F - a slice of pizza
 G - 2 meat rations
 L - a fruit
 S - a chunk of flesh


   Skills:
 + Level 7.3 Fighting
 + Level 8.4 Crossbows
 - Level 2.1 Dodging
 - Level 0.7 Stealth


You had 6 spell levels left.
You didn't know any spells.

Dungeon Overview and Level Annotations

Branches:
Dungeon (5/15)
 Temple: D:4-7

Altars:
Dithmenos
Elyvilon
Fedhas
Xom

Shops:
D:5 ?%

Annotations:
D:3 Elvalys's ghost, amateur MiFi
D:4 Grinder


Innate Abilities, Weirdness & Mutations

You reflexively headbutt those who attack you in melee.
You have a pair of horns on your head.


Message History

* * * LOW HITPOINT WARNING * * *
You writhe in agony.
* * * LOW HITPOINT WARNING * * *
You hit Grinder but do no damage.
There is a sudden explosion of sparks!
Grinder is severely wounded.
Grinder hits you.
* * * LOW HITPOINT WARNING * * *
You writhe in agony.
* * * LOW HITPOINT WARNING * * *
Evoke which item? (* to show all) (? for menu, Esc to quit)
Zapping:
z - a wand of enslavement (will waste charges)
Press: ? - help, Shift-Dir - straight line, f - scorpion
Aim: a scorpion (chance to defeat MR: 46%)
The scorpion is charmed.
Evoking this partially-identified wand wasted a few charges.
Grinder barely misses you.
You hit Grinder but do no damage.
Grinder is severely wounded.
Grinder hits you!
You die...

#.# #...# # #.# ###.## #
####### #.### #..## #
##.....#########...####..#####
#.............##..............
#.............##...#######..##
#.............###..########.#.
##.............###............
#.........s@5...#........##.#
#.....>.......#.........###..
#..........>...##.......##...
#................<...........
##...........####........รท...
#.............<[..........#.
##.........#####...........#
##.......## #.........#..
####>...############...#..


You could see Grinder and a friendly scorpion.

Vanquished Creatures
  A sky beast (D:5)
  2 ogres (D:5)
  2 orc priests (D:3)
  A giant frog zombie (D:5)
  2 hounds
  A crimson imp (D:5)
  3 orc wizards
  A centaur skeleton (D:4)
  Ijyb (D:3)
  An iguana (D:4)
  Jessica (D:2)
  3 gnolls (D:5)
  5 adders
  2 oozes
  2 worms (D:3)
  4 giant geckos
  17 orcs
  12 hobgoblins
  5 jackals
  4 quokkas
  5 bats
  3 giant cockroaches (D:4)
  5 giant newts
  9 goblins
  6 kobolds
  9 rats
107 creatures vanquished.

Notes
Turn   | Place    | Note
--------------------------------------------------------------
     0 | D:1      | abixa the Minotaur Hunter began the quest for the Orb.
     0 | D:1      | Reached XP level 1. HP: 18/18 MP: 0/0
   447 | D:1      | Reached XP level 2. HP: 25/25 MP: 1/1
   513 | D:1      | Reached skill level 5 in Crossbows
  1259 | D:2      | Reached XP level 3. HP: 27/30 MP: 2/2
  1557 | D:3      | Noticed Elvalys's ghost (amateur MiFi)
  1562 | D:3      | Noticed Ijyb
  1571 | D:2      | Reached skill level 6 in Crossbows
  1571 | D:2      | Reached XP level 4. HP: 18/38 MP: 3/3
  1762 | D:3      | Noticed Grinder
  1762 | D:3      | Noticed Jessica
  1766 | D:2      | Killed Jessica
  1874 | D:3      | Reached XP level 5. HP: 33/46 MP: 4/4
  2131 | D:3      | Killed Ijyb
  2131 | D:3      | Reached XP level 6. HP: 50/55 MP: 5/5
  2223 | D:3      | Reached skill level 5 in Fighting
  2223 | D:3      | Reached skill level 7 in Crossbows
  2929 | D:4      | Found a white marble altar of Elyvilon.
  2950 | D:4      | Found a shimmering altar of Xom.
  2952 | D:4      | Found a blossoming altar of Fedhas.
  3160 | D:5      | Entered Level 5 of the Dungeon
  3180 | D:5      | Found Ommeoc's Food Shoppe.
  3516 | D:5      | Reached XP level 7. HP: 54/63 MP: 6/6
  3588 | D:5      | Reached skill level 8 in Crossbows
  3688 | D:5      | Found a shadowy altar of Dithmenos.
  3952 | D:5      | Found Estroliogg's Magic Scroll Emporium.
  3970 | D:5      | Bought a scroll of teleportation for 33 gold pieces
  3970 | D:5      | Bought a scroll of magic mapping for 38 gold pieces
  3970 | D:5      | Bought a scroll of identify for 22 gold pieces
  3970 | D:5      | Bought a scroll of fog for 22 gold pieces
  3970 | D:5      | Bought a scroll of random uselessness for 11 gold pieces
  3970 | D:5      | Bought a scroll of noise for 11 gold pieces
  3970 | D:5      | Bought a scroll of immolation for 38 gold pieces
  3970 | D:5      | Bought a scroll of enchant weapon for 82 gold pieces
  4044 | D:5      | Paralysed by Grinder for 4 turns
  4051 | D:5      | Paralysed by Grinder for 4 turns
  4066 | D:4      | Slain by Grinder

Action                   |  1- 3 |  4- 6 |  7- 9 || total
-------------------------+-------+-------+-------++-------
Melee: Short sword       |    63 |       |       ||    63
       Hand axe          |    32 |   127 |    38 ||   197
Evoke: Wand              |       |       |     1 ||     1
  Eat: Chunk             |     2 |     6 |     2 ||    10
